 Dungeon Crawl Stone Soup version 0.25.1-2-g60ff931df9 (webtiles) character file.

Game seed: 15933304241701587908

3362 gerwin the Protected (level 9, -12/83 HPs)
             Began as a Minotaur Fighter on Nov 21, 2020.
             Was a Priest of Yredelemnul.
             Killed from afar by an orc (14 damage)
             ... with a bolt of acid
             ... on level 7 of the Dungeon.
             The game lasted 00:50:48 (6953 turns).

gerwin the Protected (Minotaur Fighter)             Turns: 6953, Time: 00:50:49

Health: -12/83     AC: 17    Str: 24    XL:     9   Next: 73%
Magic:  8/8        EV:  5    Int:  6    God:    Yredelemnul [***...]
Gold:   175        SH: 25    Dex: 12    Spells: 8/8 levels left

rFire    + . .     SeeInvis .   a - +0 war axe
rCold    . . .     Gourm    .   p - +3 tower shield {AC+3}
rNeg     . . .     Faith    .   g - +0 chain mail
rPois    .         Spirit   .   (helmet restricted)
rElec    +         Reflect  +   (no cloak)
rCorr    .         Harm     .   F - +2 pair of gloves
MR       .....                  (no boots)
Stlth    ..........             M - amulet "Uruceur" {Reflect rElec Int-5 Dex+2 Slay+4 SH+5}
HPRegen  0.23/turn              K - ring of protection from fire
MPRegen  0.11/turn              D - +6 ring of intelligence

@: lethally poisoned (-12 -> -13)
A: retaliatory headbutt, horns 2
a: Recall Undead Slaves, Injury Mirror, Animate Dead, Renounce Religion


You were on level 7 of the Dungeon.
You worshipped Yredelemnul.
Yredelemnul was most pleased with you.
You were hungry.

You visited 1 branch of the dungeon, and saw 7 of its levels.

You collected 447 gold pieces.
You spent 272 gold pieces at shops.

Inventory:

Hand Weapons
 a - a +0 war axe (weapon)
 H - a +4 shortbow of flaming
 N - the +6 morningstar of the Skies Above {venom, +Rage Str+3}
   (You took it off an orc warrior on level 7 of the Dungeon)

   It poisons the flesh of those it strikes.
   It affects your strength (+3).
   It lets you go berserk.
Missiles
 c - 7 datura-tipped darts
 m - 13 poisoned darts (quivered)
 x - 188 stones
 G - 6 atropa-tipped darts
 I - 66 arrows
Armour
 g - a +0 chain mail (worn)
 p - a +3 tower shield of protection (worn)
 v - a +0 robe
 F - a +2 pair of gloves (worn)
 P - a +0 chain mail
Jewellery
 q - an uncursed amulet of faith
 B - a +4 ring of protection {unknown}
 D - a +6 ring of intelligence (right hand)
 K - a ring of protection from fire (left hand)
 M - the amulet "Uruceur" (around neck) {Reflect rElec Int-5 Dex+2 Slay+4 SH+5}
   (You took it off an orc warrior on level 7 of the Dungeon)

   [amulet of reflection]

   It shields you and reflects attacks.
   It affects your intelligence (-5).
   It affects your dexterity (+2).
   It affects your accuracy and damage with ranged weapons and melee attacks
   (+4).
   It insulates you from electricity.
   It affects your SH (+5).
Wands
 E - a wand of paralysis (3)
 O - a wand of random effects (20)
Scrolls
 e - 2 scrolls of fog
 h - 3 scrolls of enchant armour
 o - a scroll of amnesia {unknown}
 r - 2 scrolls of blinking
 u - 3 scrolls of remove curse
 w - 2 scrolls of fear
 y - 2 scrolls of immolation {unknown}
 z - a scroll of enchant weapon
 C - 4 scrolls of teleportation
 J - a scroll of random uselessness {unknown}
 L - a scroll of magic mapping {unknown}
Potions
 b - a potion of resistance {unknown}
 d - 3 potions of might
 i - a potion of ambrosia {unknown}
 j - 6 potions of curing
 k - 2 potions of cancellation {unknown}
 l - 2 potions of magic {unknown}
 n - a potion of heal wounds {unknown}
 s - a potion of brilliance {unknown}
 t - 2 potions of haste
 A - 3 potions of lignification {unknown}
Comestibles
 f - 8 rations


   Skills:
 + Level 9.1 Fighting
 + Level 8.5 Axes
 + Level 9.1 Armour
 + Level 9.1 Shields


You had 8 spell levels left.
You didn't know any spells.
Your spell library contained the following spells:

 Spells                   Type           Power        Failure   Level  Hunger
 Magic Dart               Conj           #...         100%        1    ##.....
 Searing Ray              Conj           #.....       100%        2    ###....
 Dazzling Flash           Conj/Hex       #.....       100%        3    ####...
 Fulminant Prism          Conj/Hex       #.........   100%        4    #####..
 Iskenderun's Mystic Bla  Conj/Tloc      #.......     100%        4    #####..


Dungeon Overview and Level Annotations

Branches:
Dungeon (7/15)             Temple (0/1) D:4

Altars:
Kikubaaqudgha
Yredelemnul
The Shining One

Shops:
D:7 ?


Innate Abilities, Weirdness & Mutations

You reflexively headbutt those who attack you in melee.
You have a pair of horns on your head.


Message History

You feel sick. You block the killer bee's attack.
You feel sick. You block the killer bee's attack.
You block the killer bee's attack.
You feel sick. You block the killer bee's attack.
You block the killer bee's attack. You block the killer bee's attack.
You feel sick.
The orc zaps a wand.
The bolt of acid hits you but does no damage.
You are splashed with acid!
* * * LOW HITPOINT WARNING * * *
You block the killer bee's attack. You block the killer bee's attack.
* * * LOW HITPOINT WARNING * * *
You feel sick. You block the killer bee's attack.
You block the killer bee's attack.
The killer bee stings you but does no damage.
You block the killer bee's attack.
The orc zaps a wand.
The bolt of acid hits you!
You die...
Your body rises from the dead as a mindless zombie.

#.... #.... #....
##### # ### ##..
########## ####..#
#<..@y...# #....##
#........######.#####
#..............>.....
#.....8.o##....######
#...........####
#...8.∩.8.o.#########
######<.........o....
#8.###.######.#. #..#
#.# #...


You could see a killer bee and 2 orcs.

Vanquished Creatures
  A cyclops (D:7)
  Sigmund (D:2)
  2 hungry ghosts (D:7)
  Edmund (D:5)
  A water moccasin (D:7)
  2 phantoms
  An orc warrior (D:7)
  3 ogres
  2 centaurs
  A big kobold (D:7)
  A gnoll sergeant (D:6)
  2 bullfrogs
  A water moccasin zombie (D:5)
  A scorpion (D:4)
  4 killer bees (D:7)
  3 howler monkeys
  2 crimson imps
  A bullfrog zombie (D:6)
  2 jellies
  A hound (D:7)
  An orc priest (D:6)
  3 centaur skeletons
  A bullfrog skeleton (D:7)
  Terence (D:2)
  An iguana (D:6)
  5 worker ants
  4 orc wizards
  A killer bee zombie (D:6)
  A worker ant zombie (D:5)
  A howler monkey zombie (D:5)
  12 adders
  3 gnolls (D:6)
  2 shadow imps
  A white imp (D:4)
  An ooze (D:2)
  An adder skeleton (D:4)
  4 worms
  A dart slug (D:1)
  2 leopard geckos
  10 orcs
  2 bat zombies (D:5)
  4 giant cockroaches
  8 hobgoblins
  7 jackals
  11 kobolds
  7 quokkas
  3 ball pythons
  8 bats
  4 frilled lizards
  7 goblins
  2 goblin skeletons (D:4)
  2 goblin zombies (D:4)
  A hobgoblin zombie (D:4)
  A kobold skeleton (D:4)
  A kobold zombie (D:4)
  2 leopard gecko zombies (D:6)
  3 orc skeletons (D:4)
  2 orc zombies (D:4)
  A quokka skeleton (D:4)
  6 rats
  3 rat zombies (D:5)
174 creatures vanquished.

Vanquished Creatures (collateral kills)
  Menkaure (D:7)
  A bullfrog (D:7)
  A bullfrog zombie (D:7)
  A hound (D:7)
  An adder (D:3)
5 creatures vanquished.

Vanquished Creatures (others)
  A wight (D:7)
1 creature vanquished.

Grand Total: 180 creatures vanquished

Notes
Turn   | Place    | Note
-------+----------+-------------------------------------------
     0 | D:1      | gerwin the Minotaur Fighter began the quest for the Orb.
     0 | D:1      | Reached XP level 1. HP: 19/19 MP: 0/0
   199 | D:1      | Reached XP level 2. HP: 23/27 MP: 1/1
  1036 | D:2      | Reached XP level 3. HP: 33/33 MP: 2/2
  1121 | D:2      | Noticed Terence
  1134 | D:2      | Killed Terence
  1134 | D:2      | Reached XP level 4. HP: 34/41 MP: 3/3
  1231 | D:2      | Found a faded altar of an unknown god.
  1234 | D:2      | Became a worshipper of Yredelemnul the Dark
  1234 | D:2      | Reached * piety under Yredelemnul
  1275 | D:2      | Noticed Sigmund
  1291 | D:2      | Killed Sigmund
  1291 | D:2      | Reached skill level 5 in Fighting
  1291 | D:2      | Reached skill level 5 in Armour
  1291 | D:2      | Reached skill level 5 in Shields
  1291 | D:2      | Reached XP level 5. HP: 31/48 MP: 4/4
  2622 | D:3      | Reached XP level 6. HP: 47/56 MP: 5/5
  3155 | D:3      | Reached ** piety under Yredelemnul
  3594 | D:4      | Found a staircase to the Ecumenical Temple.
  3626 | D:4      | Reached XP level 7. HP: 56/62 MP: 6/6
  3640 | D:4      | Reached skill level 5 in Axes
  4031 | D:4      | Found a glowing golden altar of the Shining One.
  4199 | D:5      | Entered Level 5 of the Dungeon
  4622 | D:5      | Reached XP level 8. HP: 59/71 MP: 7/7
  4840 | D:5      | Reached *** piety under Yredelemnul
  4988 | D:5      | Found a basalt altar of Yredelemnul.
  5067 | D:5      | Noticed Edmund
  5098 | D:5      | Killed Edmund
  5190 | D:5      | Found an ancient bone altar of Kikubaaqudgha.
  5875 | D:6      | Received a gift from Yredelemnul (a wight)
  6257 | D:7      | Found Opnime's Magic Scroll Shoppe.
  6263 | D:7      | Bought a scroll of blinking for 97 gold pieces
  6263 | D:7      | Bought a scroll of remove curse for 39 gold pieces
  6263 | D:7      | Bought a scroll of teleportation for 39 gold pieces
  6263 | D:7      | Bought a scroll of enchant weapon for 97 gold pieces
  6393 | D:7      | Identified the +6 morningstar of the Skies Above {venom,
                  | +Rage Str+3}
  6393 | D:7      | Identified the amulet "Uruceur" {Reflect rElec Int-5 Dex+2
                  | Slay+4 SH+5}
  6399 | D:7      | Reached XP level 9. HP: 81/81 MP: 8/8
  6539 | D:7      | Noticed Menkaure
  6673 | D:7      | Killed Menkaure
  6885 | D:7      | Noticed a cyclops
  6901 | D:7      | Killed a cyclops
  6948 | D:7      | HP: 2/83 [acid (13)]
  6953 | D:7      | Killed from afar by an orc

Illustrated notes

Levels and vault maps discovered:
D:1:      matt_arrival_diagonals, layout_basic, hex_medium
D:2:      layout_rooms, chequers_ecumenical_altar_simple_redux, minivault_25,
          uniq_terence, uniq_sigmund
D:3:      layout_loops_ring, supply_closet_lemuel
D:4:      layout_cave_pools, nicolae_tso_besieged_by_evil, temple_fountains
D:5:      layout_loops_ring, lemuel_zombie_altar_kikubaaqudgha, first_ration,
          yredelemnul_altar_generic, uniq_edmund
D:6:      layout_loops_ring
D:7:      minmay_the_grid_square_5x5_3x3 [minmay_the_grid_square_5x5_shuriken,
          minmay_the_grid_square_5x5_two_walls_a,
          minmay_the_grid_square_5x5_spiral_small,
          minmay_the_grid_square_5x5_inverted_slash,
          minmay_the_grid_square_5x5_megaprize_checkered,
          minmay_the_grid_square_5x5_eight_small,
          minmay_the_grid_square_5x5_one_wall, minmay_the_grid_square_5x5_n,
          minmay_the_grid_square_5x5_mess], layout_rooms, grunt_qazlal_clouds,
          serial_shops, nicolae_shop_statue_plus, uniq_menkaure

Skill      XL: |  1  2  3  4  5  6  7  8  9 |
---------------+----------------------------+-----
Armour         | 4 5 6 8 9 |  9.1
Fighting       | 4 5 6 7 9 |  9.1
Shields        | 4 5 6 8 9 |  9.1
Axes           | 3 4 6 7 8 |  8.5

Action                   |  1- 3 |  4- 6 |  7- 9 || total
-------------------------+-------+-------+-------++-------
Melee: War axe           |   116 |   141 |   337 ||   594
       Headbutt          |    17 |    18 |    71 ||   106
Throw: Dart              |       |    22 |    25 ||    47
       Stone             |       |     1 |     2 ||     3
  Use: Scroll            |       |     4 |     3 ||     7
  Eat: Chunk             |     1 |     4 |    11 ||    16
       Ration            |       |     1 |     2 ||     3
Armor: Scale mail        |    27 |       |       ||    27
       Chain mail        |    29 |    72 |   135 ||   236
Dodge: Dodged            |    29 |    14 |    37 ||    80
Block: Kite shield       |    37 |       |       ||    37
       Tower shield      |    67 |   177 |   331 ||   575
       Reflection        |       |       |    10 ||    10
